 Dungeon Crawl Stone Soup version 0.18-a0-1626-g65af6d3 (webtiles) character file.

60 dvd the Chiller (level 4, -1/27 HPs)
             Began as an Octopode Ice Elementalist on Mar 24, 2016.
             Slain by a gnoll
             ... wielding a +0 flail
              (7 damage)
             ... on level 1 of the Dungeon.
             The game lasted 00:05:19 (2170 turns).

dvd the Chiller (Octopode Ice Elementalist)         Turns: 2170, Time: 00:05:20

Health: -1/27      AC:  6    Str:  7    XL:     4   Next: 4%
Magic:  0/7        EV: 12    Int: 18    God:
Gold:   47         SH:  0    Dex: 12    Spells: 3 memorised, 2 levels left

rFire  . . .     SeeInvis .     i - +0 short sword
rCold  . . .     Gourm    .     (no shield)
rNeg   . . .     Faith    .     (helmet restricted)
rPois  .         Spirit   .     (no amulet)
rElec  .         Dismiss  .     (no ring)
rCorr  .         Reflect  .     (no ring)
SustAt .         Harm     .     (no ring)
MR     .....                    (no ring)
Stlth  +++.......               (no ring)
                                (no ring)
                                (no ring)
                                (no ring)

@: icy armour, very slightly contaminated, slow, not resistant to hostile
enchantments, fairly stealthy
A: almost no armour, amphibious, 8 rings, constrict 8, camouflage 1, gelatinous
body 1
a: no special abilities


You were on level 1 of the Dungeon.
You were not hungry.

You visited 1 branch of the dungeon, and saw 2 of its levels.

You collected 47 gold pieces.

Inventory:

Hand Weapons
 i - a +0 short sword (weapon)
Scrolls
 j - a scroll of identify {unknown}
 k - a scroll of fog {unknown}
 l - 2 scrolls of fear {unknown}
Potions
 c - a potion of curing {unknown}
 e - a potion of brilliance {unknown}
 g - a potion of cure mutation {unknown}
 h - a potion of heal wounds {unknown}
Books
 a - a book of Frost

   Spells                             Type                      Level
   a - Freeze                         Ice                          1
   b - Throw Frost                    Conjuration/Ice              2
   c - Ozocubu's Armour               Charms/Ice                   3
   d - Throw Icicle                   Conjuration/Ice              4
   e - Summon Ice Beast               Ice/Summoning                4
Comestibles
 b - a bread ration
 d - 3 chunks of flesh
 f - a meat ration


   Skills:
 + Level 0.4 Fighting
 + Level 2.2 Dodging
 + Level 3.2 Stealth
 + Level 2.5 Spellcasting
 + Level 1.2 Conjurations
 + Level 3.9 Ice Magic


You had 2 spell levels left.
You knew the following spells:

 Your Spells              Type           Power        Failure   Level  Hunger
a - Freeze                Ice            ###.         3%          1    #......
b - Throw Frost           Conj/Ice       ##....       12%         2    ##.....
c - Ozocubu's Armour      Chrm/Ice       #.......     24%         3    ###....


Dungeon Overview and Level Annotations

Branches:
Dungeon (2/15)

Altars:

Annotations:
D:2 Terence


Innate Abilities, Weirdness & Mutations

You cannot wear most types of armour.
You are amphibious.
You can wear up to eight rings at the same time.
You can use your tentacles to constrict eight enemies at once.
Your skin changes colour to match your surroundings (Stealth).
Your rubbery body absorbs attacks (AC +1).


Message History

You hit the gnoll. You grab the gnoll.
The gnoll is severely wounded.
You constrict the gnoll. The gnoll closely misses you.
You hit the gnoll but do no damage. You squeeze the gnoll.
The gnoll is almost dead.
You constrict the gnoll, but do no damage.
The gnoll hits you with a flail!
* * * LOW HITPOINT WARNING * * *
You hit the gnoll but do no damage.
The gnoll is almost dead.
You constrict the gnoll, but do no damage.
The gnoll closely misses you.
You hit the gnoll but do no damage.
The gnoll is almost dead.
You constrict the gnoll, but do no damage.
The gnoll closely misses you.
You hit the gnoll but do no damage.
The gnoll is almost dead.
You constrict the gnoll. The gnoll hits you with a flail!
You die...

....###.......##.................
.................÷#............#.
.............................##.#
..................#.........##.⌠.
.........#####...##........####.#
.........#####...###....#..#.#.##
...................'......#.8.###
.........#####.#g###....#..#.###.
......##.#.....#@.......##..#.#.#
#####.##.#.############.##.###.8.
#.##.#.# #.##..#.#.# #.##.#.#
#.#..#.#.#. #.#..#.# #.#.#.♣.###
#.##.#.# #.#..#.#.#. #=#..#.#
#.##.####.# #.#.##.# #.###.##.⌠.
#.#.##.# #.# ##.##.#


You could see a gnoll.

Vanquished Creatures
  2 gnolls (D:1)
  3 dart slugs
  3 giant geckos (D:1)
  3 bats
  A giant cockroach (D:1)
  3 goblins (D:1)
  7 hobgoblins (D:1)
  4 kobolds (D:1)
  A ball python (D:1)
  A giant newt (D:2)
  4 rats (D:1)
32 creatures vanquished.

Notes
Turn   | Place    | Note
--------------------------------------------------------------
     0 | D:1      | dvd the Octopode Ice Elementalist began the quest for the Orb.
     0 | D:1      | Reached XP level 1. HP: 11/11 MP: 3/3
   364 | D:1      | Reached XP level 2. HP: 17/17 MP: 1/5
   450 | D:1      | Learned a level 2 spell: Throw Frost
   937 | D:1      | Reached XP level 3. HP: 21/21 MP: 3/6
  1337 | D:1      | Learned a level 3 spell: Ozocubu's Armour
  1602 | D:2      | Noticed Terence
  2066 | D:1      | Reached XP level 4. HP: 20/27 MP: 1/7
  2170 | D:1      | Slain by a gnoll

Vault maps used:
D:1:      dpeg_arrival_sounds_slurp, grunt_decor_mini_mirrors
D:2:      zin_purify, serial_forest, infiniplex_forest_lined_2,
          infiniplex_forest_clump_medium, infiniplex_forest_end_2,
          infiniplex_forest_straight_2, uniq_terence

Skill      XL: |  1  2 |
---------------+-------+-----
Stealth        | 3 |  3.2
Fighting       | |  0.4
Dodging        | |  2.2
Spellcasting   | |  2.5
Conjurations   | |  1.2
Ice Magic      | |  3.9

Action                   |  1- 3 |  4- 6 || total
-------------------------+-------+-------++-------
Melee: Unarmed           |     7 |       ||     7
       Short sword       |    21 |     5 ||    26
 Cast: Freeze            |    30 |     3 ||    33
       Throw Frost       |    15 |     1 ||    16
       Ozocubu's Armour  |     1 |     1 ||     2
  Use: Scroll            |     1 |       ||     1
 Stab: Sleeping          |     3 |       ||     3
       Distracted        |     1 |       ||     1
  Eat: Chunk             |     5 |     1 ||     6
